 Dungeon Crawl Stone Soup version 0.30-a0-364-gf6b3ef1049 (webtiles) character file.

Game seed: 6692094372948264720

1997 purpskrrrp the Skirmisher (level 9, 0/90 (103) HPs)
             Began as a Gnoll Hunter on Nov 14, 2022.
             Was a Priest of Okawaru.
             Slain by a wight
             ... wielding a +3 short sword
              (1 damage)
             ... on level 7 of the Dungeon.
             The game lasted 00:12:23 (6199 turns).

purpskrrrp the Skirmisher (Gnoll Hunter)            Turns: 6199, Time: 00:12:23

HP:   0/90 (103)    AC: 24    Str: 10    XL:     9   Next: 21%
MP:   15/15         EV:  2    Int:  9    God:    Okawaru [***...]
Gold: 359           SH:  0    Dex: 20    Spells: 14/16 levels left

rFire   + . .      SeeInvis .    t - +1 halberd (distort)
rCold   . . .      Faith    .    (shield currently unavailable)
rNeg    . . .      Spirit   .    (body armour currently unavailable)
rPois   +          Reflect  .    (helmet currently unavailable)
rElec   .          Harm     .    (cloak currently unavailable)
rCorr   .          Rampage  .    (gloves currently unavailable)
Will    +....      NoTele   +    (boots currently unavailable)
Stlth   +++.......               l - amulet of the acrobat
HPRegen 0.35/turn                q - ring of protection from fire
MPRegen 0.14/turn                u - ring of willpower

@: tree-form, heavily drained
A: stationary, stasis, torment immunity, boosted hp, (fangs 1), strong nose,
distributed training
a: Renounce Religion, Heroism


You were on level 7 of the Dungeon.
You worshipped Okawaru.
Okawaru was most pleased with you.
You were a tree.
You visited 1 branch of the dungeon, and saw 7 of its levels.

You collected 359 gold pieces.

Inventory:

Hand Weapons
 a - a +1 shortbow
 t - a +1 halberd of distortion (weapon)
Missiles
 n - 2 throwing nets
Armour
 c - a +0 leather armour
 d - +0 steam dragon scales (melded)
 i - a +0 helmet (melded)
 m - a +0 pair of boots of stealth (melded)
 w - a +1 hat
Jewellery
 l - an amulet of the acrobat (around neck)
 p - an amulet of magic regeneration
 q - a ring of protection from fire (left branch)
 u - a ring of willpower (right branch)
 v - a ring of protection from fire
Wands
 r - a wand of light (8)
Scrolls
 b - 4 scrolls of immolation
 s - a scroll of enchant armour {unknown}
 x - a scroll of identify
Potions
 e - a potion of lignification
 f - 2 potions of resistance
 g - a potion of magic
 h - a potion of mutation
 j - 2 potions of degeneration
 k - a potion of ambrosia
 o - 2 potions of flight


   Skills:
 + Level 6.2 Fighting
 + Level 4.1 Short Blades
 + Level 4.1 Long Blades
 + Level 4.1 Axes
 + Level 4.1 Maces & Flails
 + Level 4.1 Polearms
 + Level 4.1 Staves
 + Level 9.5 Ranged Weapons
 + Level 4.1 Throwing
 + Level 4.1 Armour
 + Level 6.2 Dodging
 + Level 4.8 Stealth
 + Level 4.1 Shields
 + Level 4.1 Unarmed Combat
 + Level 4.1 Spellcasting
 + Level 3.4 Conjurations
 + Level 3.4 Hexes
 + Level 3.4 Summonings
 + Level 3.4 Necromancy
 + Level 3.4 Translocations
 + Level 3.4 Transmutations
 + Level 3.4 Fire Magic
 + Level 3.4 Ice Magic
 + Level 3.4 Air Magic
 + Level 3.4 Earth Magic
 + Level 3.4 Poison Magic
 + Level 4.6 Invocations
 + Level 4.1 Evocations


You had 14 spell levels left.
You knew the following spells:

 Your Spells              Type           Power      Damage    Failure   Level
a - Poisonous Vapours     Pois/Air       16%        N/A       10%         2

Your spell library contained the following spells:

 Spells                   Type           Power      Damage    Failure   Level
 Sting                    Tmut/Pois      32%        1d4       7%          1
 Gell's Gravitas          Tloc           8%         N/A       21%         3
 Lesser Beckoning         Tloc           16%        N/A       21%         3
 Teleport Other           Tloc           8%         N/A       21%         3
 Olgreb's Toxic Radiance  Pois           8%         N/A       54%         4


Dungeon Overview and Level Annotations

Branches:
Dungeon (7/15)             Temple (0/1) D:4

Altars:
Dithmenos
Elyvilon
Hepliaklqana
Kikubaaqudgha
Okawaru
Qazlal
Trog
Xom
The Shining One

Annotations:
Abyss:1 Blork the orc


Innate Abilities, Weirdness & Mutations

You are a tree.
Your roots penetrate the ground, keeping you stationary.
You cannot be teleported.
You are immune to unholy pain and torment.
Your maximum health is greatly increased.
Your equipment is partially melded.
((You have very sharp teeth.))
Your uncanny sense of smell can sniff out nearby items.
Your experience applies equally to all skills.


Message History

Press: ? - help, Dir - move target, f - wight
Aim: a wight, wielding a +3 short sword and wearing a +0 robe (translocational energy, about 37% to evade your +1 halberd of distortion)
You hit the wight.
The wight is lightly damaged.
The wight hits you but does no damage.
Reach: t) +1 halberd (distort)
Press: ? - help, Dir - move target, f/p - wight
Aim: a wight, wielding a +3 short sword and wearing a +0 robe (translocational energy, lightly damaged, about 37% to evade your +1 halberd of distortion)
You hit the wight but do no damage.
The wight is lightly damaged.
The wight hits you with a +3 short sword.
* * * LOW HITPOINT WARNING * * *
The wight hits you but does no damage.
Reach: t) +1 halberd (distort)
Press: ? - help, Dir - move target, f/p - wight
Aim: a wight, wielding a +3 short sword and wearing a +0 robe (lightly damaged, about 37% to evade your +1 halberd of distortion)
You barely miss the wight.
The wight is lightly damaged.
The wight hits you but does no damage.
Reach: t) +1 halberd (distort)
Press: ? - help, Dir - move target, f/p - wight
Aim: a wight, wielding a +3 short sword and wearing a +0 robe (lightly damaged, about 37% to evade your +1 halberd of distortion)
You slash the wight!
Space warps around the wight.
The wight is almost destroyed.
The wight hits you but does no damage.
Reach: t) +1 halberd (distort)
Press: ? - help, Dir - move target, f/p - wight
Aim: a wight, wielding a +3 short sword and wearing a +0 robe (almost destroyed, about 37% to evade your +1 halberd of distortion)
You hit the wight but do no damage.
The wight is almost destroyed.
The wight hits you but does no damage.
Reach: t) +1 halberd (distort)
Press: ? - help, Dir - move target, f/p - wight
Aim: a wight, wielding a +3 short sword and wearing a +0 robe (almost destroyed, about 37% to evade your +1 halberd of distortion)
You barely miss the wight.
The wight is almost destroyed.
The wight hits you with a +3 short sword.
* * * LOW HITPOINT WARNING * * *
The wight hits you with a +3 short sword.
You die...

..........## ##..# ##.
............####...###..
..............##...#....
.......................#
............####....###
#.........## ##....##
#........# ##....#
##..z....## #.....
#....♣...# #.....
......).....# #.....
......).....# #..###
........##...# #..#
.......####..# #..#
......# #..# #..# .....#
#.. ##.### ##..# #.
##...# #.####


You could see a wight.

Vanquished Creatures
  Maggie (D:6)
  A water moccasin (D:6)
  4 black bears
  2 ogres
  A kobold brigand (D:6)
  2 wights (D:7)
  A necrophage (D:6)
  4 killer bees (D:7)
  6 hounds
  An orc priest (D:6)
  2 jellies
  An iguana (D:6)
  An orc wizard (D:6)
  A hound skeleton (D:2)
  6 adders
  2 shadow imps (D:5)
  A white imp (D:7)
  2 ufetubi
  A worm (D:2)
  A dart slug (D:3)
  17 orcs
  3 ball pythons
  2 bat skeletons (D:2)
  A bat zombie (D:2)
  An endoplasm (D:3)
  2 giant cockroaches
  9 goblins
  6 hobgoblins
  12 jackals
  11 kobolds
  4 quokkas
  A ball python skeleton (D:2)
  3 bats
  2 frilled lizards
  2 giant cockroach zombies (D:2)
  3 rats
120 creatures vanquished.

Vanquished Creatures (others)
  A withered plant (D:2)
1 creature vanquished.

Grand Total: 121 creatures vanquished

Notes
Turn   | Place    | Note
-------+----------+-------------------------------------------
     0 | D:1      | purpskrrrp the Gnoll Hunter began the quest for the Orb.
     0 | D:1      | Reached XP level 1. HP: 20/20 MP: 1/1
   125 | D:1      | Reached XP level 2. HP: 24/26 MP: 2/2
   454 | D:2      | Reached XP level 3. HP: 22/31 MP: 3/3
   744 | D:2      | Found a white marble altar of Elyvilon.
   963 | D:2      | Reached skill level 1 in Invocations
   970 | D:2      | Reached skill level 1 in Short Blades
   970 | D:2      | Reached skill level 1 in Long Blades
   970 | D:2      | Reached skill level 1 in Axes
   970 | D:2      | Reached skill level 1 in Maces & Flails
   970 | D:2      | Reached skill level 1 in Polearms
   970 | D:2      | Reached skill level 1 in Staves
   970 | D:2      | Reached skill level 1 in Throwing
   970 | D:2      | Reached skill level 1 in Armour
   970 | D:2      | Reached skill level 1 in Shields
   970 | D:2      | Reached skill level 1 in Unarmed Combat
   970 | D:2      | Reached skill level 1 in Spellcasting
   970 | D:2      | Reached skill level 1 in Evocations
  1425 | D:3      | Reached XP level 4. HP: 38/38 MP: 5/5
  1518 | D:3      | Found a faded altar of an unknown god.
  1521 | D:3      | Found a glowing golden altar of the Shining One.
  1695 | D:3      | Found a shadowy altar of Dithmenos.
  1695 | D:3      | Found a white marble altar of Elyvilon.
  1703 | D:3      | Found a shimmering altar of Xom.
  1705 | D:3      | Found an iron altar of Okawaru.
  1709 | D:3      | Found a stormy altar of Qazlal.
  1932 | D:3      | Reached skill level 1 in Conjurations
  1932 | D:3      | Reached skill level 1 in Hexes
  1932 | D:3      | Reached skill level 1 in Summonings
  1932 | D:3      | Reached skill level 1 in Necromancy
  1932 | D:3      | Reached skill level 1 in Translocations
  1932 | D:3      | Reached skill level 1 in Transmutations
  1932 | D:3      | Reached skill level 1 in Fire Magic
  1932 | D:3      | Reached skill level 1 in Ice Magic
  1932 | D:3      | Reached skill level 1 in Air Magic
  1932 | D:3      | Reached skill level 1 in Earth Magic
  1932 | D:3      | Reached skill level 1 in Poison Magic
  2215 | D:3      | Became a worshipper of Warmaster Okawaru
  2474 | D:4      | Reached XP level 5. HP: 43/43 MP: 7/7
  2659 | D:4      | Noticed an ogre
  2665 | D:4      | Killed an ogre
  2730 | D:4      | Found a staircase to the Ecumenical Temple.
  3045 | D:5      | Entered Level 5 of the Dungeon
  3094 | D:5      | Reached XP level 6. HP: 41/50 MP: 8/8
  3152 | D:5      | Reached skill level 5 in Fighting
  3152 | D:5      | Reached skill level 5 in Dodging
  3194 | D:5      | Reached * piety under Okawaru
  3525 | D:5      | Reached XP level 7. HP: 56/56 MP: 10/10
  3658 | D:5      | Found an ancient bone altar of Kikubaaqudgha.
  3672 | D:5      | Found a bloodstained altar of Trog.
  4131 | D:6      | Noticed Maggie
  4134 | D:6      | Reached skill level 9 in Ranged Weapons
  4152 | D:6      | Killed Maggie
  4152 | D:6      | Reached ** piety under Okawaru
  4153 | D:6      | Reached XP level 8. HP: 7/63 MP: 8/12
  4472 | D:6      | Noticed Blork the orc
  4842 | D:6      | Banished Blork the orc
  4956 | D:6      | Reached *** piety under Okawaru
  5277 | D:6      | Learned a level 2 spell: Poisonous Vapours
  5833 | D:7      | Found a hazy altar of Hepliaklqana.
  5925 | D:7      | Reached XP level 9. HP: 67/69 MP: 9/14
  6199 | D:7      | HP: 1/90 [wight/+3 short sword (5)]
  6199 | D:7      | Slain by a wight

Illustrated notes

Levels and vault maps discovered:
D:1:      heliophobic_arrival_enchanted_forest, layout_basic,
          minmay_misc_feat_columns
D:2:      layout_loops_corners, basic_altar, serial_undead, serial_undead_a,
          serial_undead_b, serial_undead_d, serial_undead_c,
          nicolae_underground_beach
D:3:      layout_basic, nicolae_overflow_ecumenical_swirl,
          chequers_temple_overflow_minitemple
D:4:      layout_basic, minmay_temple_entry_enclosed_plants,
          minmay_misc_feat_four_crosses
D:5:      layout_basic, nicolae_kikubaaqudgha_miasma_corner,
          overflow_temple_1_default
D:6:      layout_cave_pods, minmay_misc_feat_encased, item_on_display_b,
          uniq_maggie, uniq_blork_the_orc
D:7:      minmay_octagon_keep, layout_layer_cave, nzn_hepliaklqana_mist_gate,
          mainiacjoe_overflow_alcove_1

Skill      XL: |  1  2  3  4  5  6  7  8  9 |
---------------+----------------------------+-----
Invocations    | 1 2 3 4 |  4.6
Short Blades   | 1 2 3 4 |  4.1
Long Blades    | 1 2 3 4 |  4.1
Axes           | 1 2 3 4 |  4.1
Maces & Flails | 1 2 3 4 |  4.1
Polearms       | 1 2 3 4 |  4.1
Staves         | 1 2 3 4 |  4.1
Throwing       | 1 2 3 4 |  4.1
Armour         | 1 2 3 4 |  4.1
Shields        | 1 2 3 4 |  4.1
Unarmed Combat | 1 2 3 4 |  4.1
Spellcasting   | 1 2 3 4 |  4.1
Evocations     | 1 2 3 4 |  4.1
Conjurations   | 1 2 3 |  3.4
Hexes          | 1 2 3 |  3.4
Summonings     | 1 2 3 |  3.4
Necromancy     | 1 2 3 |  3.4
Translocations | 1 2 3 |  3.4
Transmutations | 1 2 3 |  3.4
Fire Magic     | 1 2 3 |  3.4
Ice Magic      | 1 2 3 |  3.4
Air Magic      | 1 2 3 |  3.4
Earth Magic    | 1 2 3 |  3.4
Poison Magic   | 1 2 3 |  3.4
Stealth        | 3 4 |  4.8
Fighting       | 5 6 |  6.2
Dodging        | 5 6 |  6.2
Ranged Weapons | 9 |  9.5

Action                   |  1- 3 |  4- 6 |  7- 9 || total
-------------------------+-------+-------+-------++-------
Melee: Halberd           |       |       |   121 ||   121
       Bite              |       |       |    11 ||    11
 Fire: Shortbow          |    69 |   124 |    73 ||   266
 Cast: Poisonous Vapours |       |       |     8 ||     8
Invok: Heroism           |       |       |     5 ||     5
  Use: Scroll            |     6 |     3 |    12 ||    21
       Potion            |       |       |     5 ||     5
 Stab: Sleeping          |       |       |     2 ||     2
       Distracted        |       |       |     2 ||     2
Armor: Leather armour    |    12 |     9 |    12 ||    33
       Steam dragon scal |       |       |    66 ||    66
       Skin              |       |       |    18 ||    18
Dodge: Dodged            |    14 |    38 |   205 ||   257

Table legend: (Time is in decaauts)
 A = Elapsed time spent in this place.
 B = Non-inter-level travel time spent in this place.
 C = Inter-level travel time spent in this place.
 D = Time resting spent in this place.
 E = Time spent auto-exploring this place.
 F = Levels seen in this place.
 G = Mean time per level.
                   A        B        C        D        E       F      G
               +--------+--------+--------+--------+--------+-----+--------+
         Total |   6259 |   5836 |    423 |    572 |   4282 |   7 |  894.1 |
       Dungeon |   6259 |   5836 |    423 |    572 |   4282 |   7 |  894.1 |
               +--------+--------+--------+--------+--------+-----+--------+

Top non-repeatable levels by time:
     D:6: 1284 daAuts
     D:5: 1274 daAuts
     D:2: 928 daAuts
     D:3: 909 daAuts
     D:4: 772 daAuts
     D:7: 638 daAuts
     D:1: 451 daAuts
